[Event "V Open LLucmajor"]
[Site "LLucmajor"]
[Date "2016.05.11"]
[Round "4"]
[White "Stremavicius, Titas"]
[Black "Kobo, Ori"]
[Result "1/2-1/2"]
[ECO "A34"]
[WhiteElo "2443"]
[BlackElo "2491"]
[PlyCount "88"]
[EventDate "2016.??.??"]
[EventCountry "ESP"]
[TimeControl "5400+30"]
[WhiteClock "0:18:10"]
[BlackClock "0:03:53"]

1. Nf3 Nf6 2. c4 c5 3. Nc3 d5 4. cxd5 Nxd5 5. d4 Nxc3 6. bxc3 g6 7. Bf4 Bg7 8. e3 Qa5 9. Qd2 Bf5 10. Be2 Nd7 11. O-O O-O 12.
Qb2 Nb6 13. Be5 Rac8 14. Bxg7 Kxg7 15. c4 cxd4 16. Nxd4 Kg8 17. Rac1 Be4 18. c5 Nd7 19. Nb3 Qc7 20. Rfd1 Rcd8 21. Rd4 Nf6 22. Rcd1 Rxd4 23. Qxd4 Bd5 24. Bf3 Bxf3 25. gxf3 Qc6 26. Kg2 Rc8 27. Qe5 Kf8 28. Rd4 h5 29. Rb4 Qc7 30. Qxc7 Rxc7 31. Na5 Rxc5 32. Nxb7 Rc2 33. Ra4 Nd5 34. Kg3 h4+ 35. Rxh4 Rxa2 36. Rh8+ Kg7 37. Rd8 Nf6 38. Nc5 Rc2 39. Na6 Rc6 40. Nb4 Rb6 41.
Na2 e5 42. Ra8 a6 43. Nc3 Rc6 44. Ne4 Nxe4+ 1/2-1/2

[Event "V Open LLucmajor"]
[Site "LLucmajor"]
[Date "2016.05.11"]
[Round "4"]
[White "Winants, Luc"]
[Black "Trent, Lawrence"]
[Result "1/2-1/2"]
[ECO "A49"]
[WhiteElo "2562"]
[BlackElo "2450"]
[PlyCount "111"]
[EventDate "2016.??.??"]
[EventCountry "ESP"]
[TimeControl "5400+30"]
[WhiteClock "0:01:57"]
[BlackClock "0:01:02"]

1. d4 Nf6 2. Nf3 g6 3. g3 Bg7 4. Bg2 c6 5. O-O d5 6. Bf4 O-O 7. Nbd2 Bf5 8. c3 Qb6 9. Qb3 Nbd7 10. Ne5 Nxe5 11. Bxe5 Bh6 12. Bxf6 Bxd2 13. Bxe7 Qxb3 14. axb3 Rfe8 15. Bc5 b6 16. Bd6 Rxe2 17. Bf3 Re6 18. Bc7 Re7 19. Be5 Bc2 20. b4 f6 21. Bxf6 Rf7 22. Bd1 Bxd1 23. Rfxd1 Bxc3 24. bxc3 Rxf6 25. Ra3 g5 26. Rda1 Rf3 27. Kg2 g4 28. Rxa7 Rxa7 29. Rxa7 Rxc3 30. b5 cxb5 31. Rd7 b4 32. Rxd5 Rc4 33. h3 gxh3+ 34. Kxh3 Kf7 35. Rb5 Rxd4 36. Rxb6 Kg7 37. f4 Re4 38. Kg4 Rc4 39. Kf5 Rc3 40. g4 b3 41. Rb7+ Kg8 42. Kf6 Rc6+ 43.
Kg5 Rc5+ 44. f5 Rc3 45. Kf6 Rc6+ 46. Ke5 Rc5+ 47. Kd6 Ra5 48. Ke7 h5 49. Kf6 Ra6+ 50. Kg5 hxg4 51. f6 g3 52. Kg6 Ra8 53. Rg7+ Kf8 54. Rh7 Ke8 55. Re7+ Kf8 56. Rh7 1/2-1/2

[Event "V Open LLucmajor"]
[Site "LLucmajor"]
[Date "2016.05.09"]
[Round "1"]
[White "Calzetta Ruiz, Monica"]
[Black "Kobo, Ori"]
[Result "0-1"]
[ECO "C00"]
[WhiteElo "2253"]
[BlackElo "2477"]
[PlyCount "66"]
[EventDate "2016.??.??"]
[EventCountry "ESP"]
[TimeControl "5400+30"]
[WhiteClock "0:02:13"]
[BlackClock "0:11:22"]

1. e4 e6 2. d4 d5 3. Bd3 dxe4 4. Bxe4 Nf6 5. Bf3 c5 6. Ne2 Nc6 7. Be3 cxd4 8. Nxd4 Ne5 9. Nc3 Be7 10. Qe2 Nxf3+ 11. Qxf3 Qc7 12. O-O-O a6 13. Rhe1 Bd7 14. Bf4 Qc8 15. Be5 O-O 16. Rd3 Ne8 17. Qh5 f6 18. Bg3 Rf7 19. Qd1 Bf8 20. f4 Nd6 21. Nb3 Nc4 22. Re4 b5 23.
Red4 Ra7 24. Kb1 Rc7 25. Ne4 e5 26. fxe5 fxe5 27. Rd5 Bg4 28.
Qe1 Nxb2 29. Kxb2 Rxc2+ 30. Kb1 Re2 31. Qc3 Rxe4 32. Qxc8 Bxc8 33. Rxe5 Rxe5 0-1

[Event "V Open LLucmajor"]
[Site "LLucmajor"]
[Date "2016.05.09"]
[Round "1"]
[White "Fedorchuk, Sergey A"]
[Black "Pogorelov, Ruslan"]
[Result "1-0"]
[ECO "B18"]
[WhiteElo "2623"]
[BlackElo "2347"]
[PlyCount "53"]
[EventDate "2016.??.??"]
[EventCountry "ESP"]
[TimeControl "5400+30"]
[WhiteClock "0:34:33"]
[BlackClock "0:40:37"]

1. e4 c6 2. d4 d5 3. Nd2 dxe4 4. Nxe4 Bf5 5. Ng3 Bg6 6. Nh3 e6 7. Nf4 Bd6 8. c3 Nf6 9. h4 Bxf4 10. Bxf4 h6 11. h5 Bh7 12. Qb3 Nd5 13. Bd2 Qc7 14.
c4 Nf6 15. Qa3 Nbd7 16. Be2 b6 17. Rh4 O-O-O 18. Rc1 c5 19. b4 cxd4 20. c5 Kb8 21. Rxd4 Ne5 22.
cxb6 Qxb6 23. Rxd8+ Rxd8 24. Be3 Qb7 25. Bf4 Rd5 26. Ba6 Qd7 27. Qc3 1-0

[Event "V Open LLucmajor"]
[Site "LLucmajor"]
[Date "2016.05.09"]
[Round "1"]
[White "Hoffmann, Michael"]
[Black "Galiana Salom, Juan Ramon"]
[Result "1/2-1/2"]
[ECO "C06"]
[WhiteElo "2477"]
[BlackElo "2246"]
[PlyCount "58"]
[EventDate "2016.??.??"]
[EventCountry "ESP"]
[TimeControl "5400+30"]

1. e4 e6 2. d4 d5 3. Nd2 Nf6 4. e5 Nfd7 5. Bd3 c5 6. c3 Nc6 7. Ne2 cxd4 8. cxd4
f6 9. exf6 Nxf6 10. Nf3 Bd6 11. O-O Qc7 12. Bg5 O-O 13. Rc1 Ng4 14. Ng3 Bf4 15.
Bxf4 Qxf4 16. Bb5 Bd7 17. Re1 Rae8 18. Bxc6 Bxc6 19. h3 Nf6 20. Ne5 Nd7 21. Rc2
Nxe5 22. Rxe5 g6 23. Qd3 Rf6 24. Nf1 Rf5 25. Rce2 a6 26. Qe3 Qxe3 27. R5xe3 Bb5
28. Rxe6 Rxe6 29. Rxe6 Rf4 1/2-1/2

[Event "V Open LLucmajor"]
[Site "LLucmajor"]
[Date "2016.05.09"]
[Round "1"]
[White "Ladron De Guevara Pinto, Paolo"]
[Black "Granda Zuniga, Julio E"]
[Result "1/2-1/2"]
[ECO "B48"]
[WhiteElo "2353"]
[BlackElo "2685"]
[PlyCount "160"]
[EventDate "2016.??.??"]
[EventCountry "ESP"]
[TimeControl "5400+30"]
[WhiteClock "0:04:11"]
[BlackClock "0:03:40"]

1. e4 c5 2. Nf3 Nc6 3. d4 cxd4 4. Nxd4 e6 5. Nc3 Qc7 6. Be3 a6 7. Qd2 Nf6 8. f4 d6 9. O-O-O Be7 10. Kb1 O-O 11. Bd3 Na5 12. e5 dxe5 13.
fxe5 Nd7 14. Qe2 Nc5 15. Nf3 Nxd3 16. cxd3 b5 17. Rc1 Qb8 18. Ne4 Bb7 19. Bc5 Bxc5 20. Rxc5 Qa7 21. Rhc1 Qb6 22. Qe3 Bxe4 23. Qxe4 Qb7 24. Qb4 Qb6 25. Qe4 Qb7 26. Qxb7 Nxb7 27. Rc7 Rfb8 28. Rd7 Nd8 29. Rcc7 b4 30. Kc2 a5 31. Kb3 a4+ 32. Kc4 h6 33. Nd4 b3 34. a3 Ra5 35. Rxd8+ Rxd8 36. Nc6 Raa8 37. Nxd8 Rxd8 38. Kc3 f6 39. Rc4 Ra8 40. exf6 gxf6 41. Rc7 e5 42. d4 exd4+ 43. Kxd4 Rd8+ 44. Ke3 Rd1 45. Rc4 Rb1 46. Rxa4 Rxb2 47. Kf3 Ra2 48. Rb4 Rxa3 49. Rb7 Kf8 50. g4 Ke8 51. Kf4 Kd8 52. Kf5 Kc8 53. Rb4 Kc7 54. h4 Kc6 55. Kg6 Kc5 56. Rb8 Kc4 57. Rc8+ Kd3 58. Rb8 Kc2 59. Kxh6 Ra4 60. Kh5 b2 61. g5 f5 62. g6 Rg4 63. Rc8+ Kd3 64. Rb8 Kc2 65. Rc8+ Kb3 66. Rb8+ Rb4 67. Rxb4+ Kxb4 68. g7 b1=Q 69. g8=Q Qe4 70. Qb8+ Kc4 71. Qc7+ Kd4 72. Qd6+ Kc4 73. Qc7+ Kb5 74. Qb8+ Ka4 75. Qa7+ Kb3 76. Qb8+ Ka2 77. Qh2+ Kb1 78. Qg1+ Kc2 79. Kg5 Qe7+ 80. Kxf5 Qxh4 1/2-1/2

[Event "V Open LLucmajor"]
[Site "LLucmajor"]
[Date "2016.05.09"]
[Round "1"]
[White "Lintchevski, Daniil"]
[Black "Zaksaite, Salomeja"]
[Result "1-0"]
[ECO "B33"]
[WhiteElo "2566"]
[BlackElo "2311"]
[PlyCount "103"]
[EventDate "2016.??.??"]
[EventCountry "ESP"]
[TimeControl "5400+30"]
[WhiteClock "0:06:53"]
[BlackClock "0:00:36"]

1. e4 c5 2. Nf3 Nc6 3. d4 cxd4 4. Nxd4 Nf6 5. Nc3 e5 6.
Ndb5 d6 7. Bg5 a6 8. Na3 b5 9. Nd5 Be7 10. Bxf6 Bxf6 11. c4 Nd4 12. cxb5 Bb7 13. Bc4 axb5 14. Bxb5+ Kf8 15. Bc4 Qa5+ 16. Qd2 Bd8 17. Qxa5 Bxa5+ 18. Kd1 f5 19. f3 Rb8 20. Rb1 g6 21. Bd3 Bxd5 22. exd5 Ke7 23. Nc4 Bc7 24. Kd2 Rb5 25. b4 Ra8 26. a3 Rb7 27. Rb2 Kd7 28. Ra1 Bd8 29. a4 Bg5+ 30. Kd1 Nb5 31. Rb3 e4 32. Na5 Nd4 33. Rbb1 exd3 34. Nxb7 d2 35. Ra2 Re8 36. Rxd2 Bxd2 37. Kxd2 Re5 38. Na5 Rxd5 39. Kc3 Ne2+ 40. Kc2 Nf4 41. g3 Ne6 42. f4 Rd4 43. Kc3 Re4 44. Rd1 Nc7 45. Nb3 Re3+ 46. Kb2 d5 47. b5 Kd6 48. Rc1 Ne6 49. b6 Nd8 50. a5 Nc6 51. a6 Re4 52. a7 1-0

[Event "V Open LLucmajor"]
[Site "LLucmajor"]
[Date "2016.05.09"]
[Round "1"]
[White "Medarde Santiago, Luis Marcos"]
[Black "Edouard, Romain"]
[Result "0-1"]
[ECO "B32"]
[WhiteElo "2306"]
[BlackElo "2632"]
[PlyCount "80"]
[EventDate "2016.??.??"]
[EventCountry "ESP"]
[TimeControl "5400+30"]
[WhiteClock "0:01:55"]
[BlackClock "0:55:13"]

1. e4 c5 2. Nf3 Nc6 3. d4 cxd4 4. Nxd4 e5 5. Nb5 d6 6. N1c3 a6 7. Na3 Be6 8. Nc4 b5 9. Ne3 Nf6 10. g3 g6 11. Bg2 Bg7 12. O-O Rc8 13.
Ncd5 Bxd5 14. Nxd5 Nxd5 15. exd5 Ne7 16. c3 Rb8 17. Qe2 Qc7 18.
a4 Qc4 19. Qxc4 bxc4 20. a5 Kd7 21. Ra4 Rhc8 22. Rd1 Rc5 23.
Bf1 Rxd5 24. Rxd5 Nxd5 25. Bxc4 Nc7 26. Bxf7 d5 27. c4 d4 28. c5 Kc6 29. b4 Nd5 30. Bd2 e4 31. Be6 d3 32. Kf1 Nc3 33.
Bxc3 Bxc3 34. b5+ Rxb5 35. Kg2 h5 36. Bc4 Kxc5 37. h4 Rxa5 38.
Rxa5+ Kxc4 39. Rxa6 d2 40. Rc6+ Kd3 0-1

[Event "V Open LLucmajor"]
[Site "LLucmajor"]
[Date "2016.05.09"]
[Round "1"]
[White "Michna, Christian"]
[Black "Levin, Felix"]
[Result "0-1"]
[ECO "D01"]
[WhiteElo "2276"]
[BlackElo "2506"]
[PlyCount "56"]
[EventDate "2016.??.??"]
[EventCountry "ESP"]
[TimeControl "5400+30"]
[WhiteClock "0:13:20"]
[BlackClock "0:09:50"]

1. d4 Nf6 2. Nc3 d5 3. Bg5 Nbd7 4. Qd3 c5 5. O-O-O c4 6.
Qf3 Qa5 7. Kb1 e6 8. Bd2 Bb4 9. Qg3 O-O 10. e4 Bxc3 11. Bxc3 Qa4 12. f3 b5 13. Qe1 dxe4 14. fxe4 Bb7 15. b3 Qa6 16. e5 Nd5 17. bxc4 bxc4 18. h4 Rfb8 19. Ka1 Qa4 20. Qd2 a5 21. Rh3 Ba6 22. Qc1 Nb4 23.
Bxb4 axb4 24. Qb2 c3 25. Qb3 Bxf1 26. Rxf1 Qc6 27. Ne2 Ra3 28. d5 Qa6 0-1

[Event "V Open LLucmajor"]
[Site "LLucmajor"]
[Date "2016.05.09"]
[Round "1"]
[White "Rakhmanov, Aleksandr"]
[Black "Mouhamad, Joachin"]
[Result "1-0"]
[ECO "A05"]
[WhiteElo "2650"]
[BlackElo "2338"]
[PlyCount "47"]
[EventDate "2016.??.??"]
[EventCountry "ESP"]
[TimeControl "5400+30"]
[WhiteClock "0:14:40"]
[BlackClock "0:00:41"]

1. Nf3 Nf6 2. g3 g6 3. b3 Bg7 4. Bb2 c5 5. c4 O-O 6. Bg2 d5 7. cxd5 Qxd5 8. Nc3 Qh5 9. h3 Ne4 10. g4 Qh6 11. Qc2 Nxc3 12. Bxc3 Bxc3 13. Qxc3 Qg7 14. Rc1 Na6 15. Ne5 Rb8 16. d4 cxd4 17. Qxd4 b6 18.
O-O Nc5 19. Qe3 Re8 20. b4 Ne6 21. f4 f6 22. Nc6 Rb7 23.
Bd5 Kf7 24. Nd4 1-0

[Event "V Open LLucmajor"]
[Site "LLucmajor"]
[Date "2016.05.09"]
[Round "1"]
[White "Santagati, Alessandro"]
[Black "Demuth, Adrien"]
[Result "1/2-1/2"]
[ECO "B22"]
[WhiteElo "2316"]
[BlackElo "2550"]
[PlyCount "112"]
[EventDate "2016.??.??"]
[EventCountry "ESP"]
[TimeControl "5400+30"]
[WhiteClock "0:02:45"]
[BlackClock "0:00:33"]

1. e4 c5 2. c3 d5 3. exd5 Qxd5 4. d4 Nf6 5. Nf3 e6 6. Be2 cxd4 7. cxd4 Nc6 8. O-O Be7 9. Nc3 Qd6 10. Qa4 O-O 11. Rd1 Rd8 12. a3 b6 13. Bg5 Bb7 14. Rac1 Rac8 15. Bxf6 Bxf6 16. d5 exd5 17. Rxd5 Qe7 18. Ba6 Bxc3 19. Rxd8+ Rxd8 20. bxc3 Nd4 21. cxd4 Bxf3 22. Bf1 Bd5 23. Rc3 g6 24. Re3 Be6 25. f3 Qd7 26. Qxd7 Rxd7 27. Rd3 Bc4 28. Rd2 Bxf1 29. Kxf1 Rc7 30. Ke2 Rc3 31. Rd3 Rc2+ 32. Ke3 Kf8 33. g3 Rxh2 34. Rc3 Ra2 35. Rc8+ Kg7 36. Rc3 Kf6 37. Rc6+ Kg7 38. Rc3 a5 39. Ke4 b5 40. Kd5 b4 41. axb4 axb4 42.
Rb3 Ra3 43. Rxb4 Rxf3 44. Kc6 Rc3+ 45. Kd7 Rxg3 46. d5 Rd3 47. d6 f5 48. Ke6 Re3+ 49. Kd5 Rd3+ 50. Ke6 Re3+ 51. Kd5 Kf6 52. Rb8 Rd3+ 53. Kc6 Rc3+ 54. Kd5 Rd3+ 55. Kc6 Rc3+ 56. Kd5 Rd3+ {[%emt 0:
00:39] Ke4 Ke5+} 1/2-1/2

[Event "V Open LLucmajor"]
[Site "LLucmajor"]
[Date "2016.05.09"]
[Round "1"]
[White "Winants, Luc"]
[Black "Baches Garcia, Guillermo"]
[Result "1-0"]
[ECO "D20"]
[WhiteElo "2574"]
[BlackElo "2331"]
[PlyCount "85"]
[EventDate "2016.??.??"]
[EventCountry "ESP"]
[TimeControl "5400+30"]
[WhiteClock "0:19:35"]
[BlackClock "0:00:56"]

1. d4 d5 2. c4 dxc4 3. e3 e5 4. Bxc4 exd4 5. exd4 Bd6 6. Nf3 Nf6 7. O-O O-O 8. h3 h6 9. Qd3 Nc6 10. a3 Ne7 11. Re1 c6 12. Ne5 Bc7 13.
Nd2 Nf5 14. Ndf3 Nd6 15. Ba2 Bf5 16. Qd1 Nd5 17. Bd2 a5 18.
Rc1 Bb6 19. a4 Rc8 20. Nc4 Bc7 21. Ne3 Be6 22. Bb1 Nf6 23. Bc3 Nde4 24. Qd3 Re8 25. Bc2 Qe7 26. d5 cxd5 27. Bxf6 Qxf6 28. Nxd5 Bxd5 29. Qxd5 Bf4 30. Rb1 Rxc2 31. Rxe4 Rxe4 32. Qxe4 Rc1+ 33.
Rxc1 Bxc1 34. Qxb7 Qxb2 35. Qa8+ Kh7 36. Qxa5 Qa1 37. Qe1 Qa3 38. a5 Bb2 39. a6 g6 40. Qb1 Bg7 41. Qb7 Bd4 42. Qxf7+ Kh8 43. Nxd4 1-0